Cogmind - Beta 14 @@@ ROGUE MODE // 2024.12.02 @ 13:40:32 Player: hanna Result: Self-destructed Performance ------------- Evolutions (4) 2000 Regions Visited (7) 1400 Robots Destroyed (40) 200 Value Destroyed (1290) 1290 Prototype IDs (0) 0 Alien Tech Used (0) 0 Bonus (0) 0 TOTAL SCORE: 4890 Bonus ------- None Cogmind --------- Core Integrity 417/850 Matter 269/300 Energy 19/100 System Corruption 7% Temperature Cool (0) Movement Core (250) Ox4 Location -6/Lower Caves Parts ------- > --- POWER (2) -------- (None) > --- PROPULSION (2) --- (None) > --- UTILITY (9) ------ Small Storage Unit > --- WEAPON (2) ------- Proton Cannon > --- INVENTORY (8) ---- Light Treads Light Treads Proton Cannon Gauss Rifle Peak State ------------ > --- POWER ------------ Micro Nuclear Core Light Angular Momentum Engine > --- PROPULSION ------- Armored Treads Medium Treads > --- UTILITY ---------- Improved Heat Sink Advanced Heat Sink Small Storage Unit Advanced Sensor Array Target Analyzer Improved Utility Shielding Layered Light Armor Plating Hardlight Generator Shield Generator > --- WEAPON ----------- Flak Gun Flak Gun > --- INVENTORY -------- Improved Ion Engine Light Treads Light Treads Proton Cannon Proton Cannon Gauss Rifle [Rating: 54] Favorites ----------- Power Improved Ion Engine Engine Improved Ion Engine Power Core Micro Nuclear Core Propulsion Light Treads Treads Light Treads Utility Small Storage Unit Device Improved Heat Sink Storage Small Storage Unit Processor Target Analyzer Protection Improved Utility Shielding Weapon Flak Gun Energy Gun Medium Laser Energy Cannon Proton Cannon Ballistic Gun Flak Gun Ballistic Cannon Assault Cannon Build | -11 -10 -10 -10 -8 -7 -6 -6 ------- Run | Yrd Mat Min Sub Mat Fac Fac Low Slots Evolved 8 | . . . . 4 2 2 . Power 1 | . . . . 1 . . . Propulsion . | . . . . . . . . Utility 7 | . . . . 3 2 2 . Weapon . | . . . . . . . . Parts Attached 43 | 6 1 1 1 16 9 7 2 Power 9 | 1 . . 1 4 1 1 1 Engine 7 | 1 . . 1 3 . 1 1 Core 2 | . . . . 1 1 . . Reactor . | . . . . . . . . Propulsion 5 | 2 . . . 2 1 . . Treads 5 | 2 . . . 2 1 . . Leg . | . . . . . . . . Wheel . | . . . . . . . . Hover . | . . . . . . . . Flight . | . . . . . . . . Utility 16 | 1 1 1 . 7 2 4 . Device 7 | . . . . 2 1 4 . Storage 1 | 1 . . . . . . . Processor 1 | . . . . 1 . . . Hackware . | . . . . . . . . Protection 7 | . 1 1 . 4 1 . . Artifact . | . . . . . . . . Weapon 13 | 2 . . . 3 5 2 1 Energy Gun 2 | 1 . . . . 1 . . Energy Cannon 3 | . . . . . 2 . 1 Ballistic Gun 7 | 1 . . . 2 2 2 . Ballistic Cannon 1 | . . . . 1 . . . Launcher . | . . . . . . . . Special Weapon . | . . . . . . . . Impact Weapon . | . . . . . . . . Slashing Weapon . | . . . . . . . . Piercing Weapon . | . . . . . . . . Special Melee Weapon . | . . . . . . . . Unidentified Prototypes . | . . . . . . . . Parts Lost 20 | . . . . 4 2 . 14 Power 6 | . . . . 2 1 . 3 Propulsion 3 | . . . . 2 . . 1 Utility 9 | . . . . . 1 . 8 Weapon 2 | . . . . . . . 2 Highest Loss Streak 13 | . . . . 1 1 . 13 To Critical Strikes . | . . . . . . . . Average Slot Usage (%) 90 | . 89 100 100 88 86 83 93 Engine 12 | . 14 14 14 15 9 6 9 Core 1 | . . . . . 4 6 . Treads 17 | . 28 28 28 12 15 13 13 Device 9 | . . . . 12 7 16 32 Storage 9 | . 14 14 14 9 7 6 6 Processor 4 | . . . . 6 7 6 6 Protection 13 | . 4 14 14 12 17 13 12 Energy Gun 4 | . 14 14 14 . 2 . . Ballistic Gun 11 | . 14 14 14 11 6 10 11 Ballistic Cannon 2 | . . . . 6 1 . . Peak Build Rating 54 | 6 7 9 11 29 39 54 54 Average Rating 25 | 4 6 7 9 24 33 43 48 On Entrance 19 | . 6 7 9 11 29 39 54 Naked Turns . | . . . . . . . . Heaviest Build 45 | 13 16 16 16 35 45 44 45 Greatest Support 48 | 40 40 40 40 40 48 48 48 Greatest Overweight (x) 9 | . . . . 9 1 . . Average Overweight (x) . | . . . . . . . . Largest Inventory Capacity 8 | 8 8 8 8 8 8 8 8 Average Capacity 7 | 6 8 8 8 8 8 8 8 Most Carried 8 | 2 2 3 5 7 8 8 6 Average Carried 4 | . 1 1 3 4 6 6 5 Final Capacity 8 | 8 8 8 8 8 8 8 8 Final Carried 8 | 1 1 3 5 5 8 6 4 Class Distribution -------------------- 82% | Mutant 17% | Scavenger-Mutant Dominant Class ---------------- Mutant | -10/Materials Mutant | -10/Mines Mutant | -10/Subcaves Mutant | -8/Materials Mutant | -7/Factory Scavenger-Mutant | -6/Factory Mutant | -6/Lower Caves Resources | -11 -10 -10 -10 -8 -7 -6 -6 ----------- Run | Yrd Mat Min Sub Mat Fac Fac Low Matter Collected 1323 | 145 . 140 4 685 133 88 128 Remotely . | . . . . . . . . Salvage Created 1433 | . . 73 . 742 265 173 180 Parts 70 | . . 4 . 47 11 5 3 Haulers Intercepted . | . . . . . . . . Recyclers Shooed . | . . . . . . . . Parts Field Recycled . | . . . . . . . . Retrieved Matter . | . . . . . . . . Parts Self-Destructed 6 | . . . 3 . . . 3 Prevented . | . . . . . . . . Kills | -11 -10 -10 -10 -8 -7 -6 -6 ------- Run | Yrd Mat Min Sub Mat Fac Fac Low Combat Hostiles Destroyed 26 | . . 2 . 14 3 3 4 Guns 18 | . . 2 . 8 2 2 4 Cannons 6 | . . . . 5 . 1 . AOE 1 | . . . . 1 . . . Classes Destroyed 11 | . . 1 . 8 . 2 . Worker 2 | . . . . 2 . . . Builder 7 | . . . . 6 1 . . Tunneler 1 | . . . . 1 . . . Recycler 2 | . . . . 1 1 . . Operator 1 | . . . . 1 . . . Watcher 1 | . . . . . . 1 . Swarmer 2 | . . . . 2 . . . Grunt 15 | . . 2 . 8 . 2 3 Duelist 2 | . . . . . . 1 1 Sentry 6 | . . . . 3 3 . . Hunter 1 | . . . . 1 . . . Best Kill Streak 6 | . . 1 . 6 2 3 2 Combat Bots Only 3 | . . 1 . 2 1 3 2 Max Kills in Single Turn 1 | . . 1 . 1 1 1 1 Gunslinging . | . . . . . . . . Exploded 1 | . . . . 1 . . . Melee . | . . . . . . . . Uniques/NPCs Destroyed . | . . . . . . . . Combat | -11 -10 -10 -10 -8 -7 -6 -6 -------- Run | Yrd Mat Min Sub Mat Fac Fac Low Hostile Shots Fired 286 | . . 7 . 112 72 17 78 Missed 90 | . . 1 . 39 33 3 14 Damage Taken 3329 | . . 87 . 1162 290 348 1442 Core 601 | . . 11 . 141 16 62 371 Absorbed by Shields 210 | . . . . . . . 210 Redirected to Shielding 109 | . . . . . 20 29 60 Ignored by Resistances 75 | . . . . 46 29 . . Core Remaining (%) 91 | 100 . . 95 74 97 . . Volleys Fired 111 | . 1 8 . 63 11 10 18 Largest 2 | . 2 2 . 2 2 2 2 Hottest 150 | . 70 70 . 72 150 150 56 Shots Fired 216 | . 2 16 . 126 22 20 30 Gun 151 | . 2 16 . 77 12 14 30 Cannon 65 | . . . . 49 10 6 . Launcher . | . . . . . . . . Special . | . . . . . . . . Kinetic 190 | . 1 8 . 126 11 14 30 Thermal 16 | . 1 8 . . 7 . . Explosive . | . . . . . . . . Electromagnetic 10 | . . . . . 4 6 . Robot Hit Streak 21 | . 1 6 . 8 21 9 7 Robot Miss Streak 7 | . 1 3 . 5 2 5 7 Penetration Max . | . . . . . . . . Secondary Targets 1 | . . . . . . . 1 Max Gunslinging Chain 1 | . . . . . . . 1 Shots Hit Robots 157 | . 1 10 . 81 18 18 29 Core Hits 116 | . . 5 . 34 14 24 39 Critical Kills . | . . . . . . . . Critical Parts Destroyed . | . . . . . . . . Critical Strikes 9 | . 1 . . 7 1 . . Burn 1 | . 1 . . . . . . Blast 7 | . . . . 7 . . . Corrupt 1 | . . . . . 1 . . Melee Attacks . | . . . . . . . . Impact . | . . . . . . . . Slashing . | . . . . . . . . Piercing . | . . . . . . . . Sneak Attacks . | . . . . . . . . Combat Hostiles . | . . . . . . . . Follow-up Attacks . | . . . . . . . . Damage Inflicted 3379 | . 12 100 . 1745 484 416 622 Guns 2166 | . 12 100 . 857 310 265 622 Cannons 1147 | . . . . 822 174 151 . Explosions 66 | . . . . 66 . . . Melee . | . . . . . . . . Ramming . | . . . . . . . . Kinetic 2808 | . . 48 . 1679 194 265 622 Thermal 344 | . 12 52 . 66 214 . . Explosive . | . . . . . . . . Electromagnetic 227 | . . . . . 76 151 . Impact . | . . . . . . . . Slashing . | . . . . . . . . Piercing . | . . . . . . . . Highest Corruption 7 | . . . . . . . 7 Average Corruption 5 | . . . . . . . 5 Corruption Purged . | . . . . . . . . Corruption Blocked . | . . . . . . . . Effects 1 | . . . . . . . 1 Matter Fused 1 | . . . . . . . 1 Overload Shots . | . . . . . . . . Overflow Damage 83 | . . . . 83 . . . Projectiles 13 | . . . . 13 . . . Explosions 70 | . . . . 70 . . . Melee . | . . . . . . . . Knockbacks 8 | . . . . 8 . . . Impact . | . . . . . . . . Kinetic 8 | . . . . 8 . . . Secondary . | . . . . . . . . Self-Inflicted Damage 100 | . . . . 100 . . . Shots 1 | . . . . 1 . . . Rammed . | . . . . . . . . Targets Rammed . | . . . . . . . . Kicked . | . . . . . . . . Crushed . | . . . . . . . . Highest Temperature 189 | . 36 92 . 110 180 189 . Average Temperature 44 | . 19 41 . 26 75 86 . Received Heat Transfer 994 | . . 36 . 504 108 117 229 Siege Activations . | . . . . . . . . Robots Corrupted 1 | . . . . . 1 . . Combat Hostiles 1 | . . . . . 1 . . Parts Fried 2 | . . . . . . 2 . Impact Corruptions . | . . . . . . . . Robots Melted . | . . . . . . . . Combat Hostiles . | . . . . . . . . Parts Melted 3 | . . . . 1 2 . . Heat Transferred 784 | . 111 148 . 50 475 . . Parts Sabotaged . | . . . . . . . . Parts Stolen . | . . . . . . . . Parts Stripped . | . . . . . . . . Power Chain Reactions . | . . . . . . . . Alert | -11 -10 -10 -10 -8 -7 -6 -6 ------- Run | Yrd Mat Min Sub Mat Fac Fac Low Peak Influence 296 | . 15 45 . 296 196 93 . Initial 77 | . . 5 . . 77 16 . Average 92 | . 3 16 . 148 129 70 . Maximum Alert Level 1 | . . . . 1 . . . Low Security (%) 91 | 100 100 100 . 77 100 100 . Level 1 8 | . . . . 22 . . . Level 2 . | . . . . . . . . Level 3 . | . . . . . . . . Level 4 . | . . . . . . . . Level 5 . | . . . . . . . . High Security . | . . . . . . . . Max Security . | . . . . . . . . Squads Dispatched 4 | . . . . 2 . 2 . Investigation 2 | . . . . . . 2 . Extermination . | . . . . . . . . Reinforcement 2 | . . . . 2 . . . Assault . | . . . . . . . . Garrison . | . . . . . . . . Intercept . | . . . . . . . . Searches Triggered . | . . . . . . . . Construction Impeded . | . . . . . . . . Haulers Reinforced . | . . . . . . . . Active Scanning Responses . | . . . . . . . . Cargo Convoy Interrupts . | . . . . . . . . Stealth | -11 -10 -10 -10 -8 -7 -6 -6 --------- Run | Yrd Mat Min Sub Mat Fac Fac Low Distress Signals 2 | . . . . 2 . . . Communications Jammed . | . . . . . . . . Distress Signals . | . . . . . . . . Times Spotted 40 | . 1 2 2 18 4 5 8 Peak Tracking Total 6 | . 1 1 6 4 1 3 5 Tactical Retreats 1 | . . . . 1 . . . Traps | -11 -10 -10 -10 -8 -7 -6 -6 ------- Run | Yrd Mat Min Sub Mat Fac Fac Low Traps Triggered 2 | . . 1 . . . 1 . Indirectly . | . . . . . . . . Trap Hack Attempts . | . . . . . . . . Triggered . | . . . . . . . . Disarmed . | . . . . . . . . Reprogrammed . | . . . . . . . . Reused . | . . . . . . . . Traps Extracted . | . . . . . . . . Installed . | . . . . . . . . Triggered . | . . . . . . . . Machines | -11 -10 -10 -10 -8 -7 -6 -6 ---------- Run | Yrd Mat Min Sub Mat Fac Fac Low Machines Disabled 1 | . . . . 1 . . . Max in Single Turn 1 | . . . . 1 . . . Machines Repaired . | . . . . . . . . Machines Dismantled . | . . . . . . . . Machines Sabotaged . | . . . . . . . . Overloaded Fab Kills . | . . . . . . . . Hacking | -11 -10 -10 -10 -8 -7 -6 -6 --------- Run | Yrd Mat Min Sub Mat Fac Fac Low Machines Accessed 8 | . . 1 . 3 1 3 . Terminals 3 | . . . . 2 . 1 . Fabricators 2 | . . . . . 1 1 . Repair Stations . | . . . . . . . . Recycling Units 1 | . . . . 1 . . . Scanalyzers 1 | . . . . . . 1 . Garrison Access . | . . . . . . . . Total Hacks 14 | . . 1 . 5 1 7 . Successful 9 | . . 1 . 3 1 4 . Failed 5 | . . . . 2 . 3 . Catastrophic 1 | . . . . . . 1 . Database Lockouts . | . . . . . . . . Manual . | . . . . . . . . Terminals 6 | . . . . 4 . 2 . Fabricators 3 | . . . . . 1 2 . Repair Stations . | . . . . . . . . Recycling Units 1 | . . . . 1 . . . Scanalyzers 3 | . . . . . . 3 . Garrison Access . | . . . . . . . . Terminal Hacks 5 | . . 1 . 3 . 1 . Record 2 | . . . . 2 . . . Open Door 1 | . . 1 . . . . . Open DSF 1 | . . . . . . 1 . Emergency Access Points 1 | . . . . 1 . . . Fabricator Hacks 1 | . . . . . 1 . . Build 1 | . . . . . 1 . . Repair Station Hacks . | . . . . . . . . Recycling Unit Hacks . | . . . . . . . . Scanalyzer 3 | . . . . . . 3 . Insert Component 1 | . . . . . . 1 . Analyze 2 | . . . . . . 2 . Garrison Access Hacks . | . . . . . . . . Unauthorized Hacks . | . . . . . . . . Terminals . | . . . . . . . . Fabricators . | . . . . . . . . Repair Stations . | . . . . . . . . Recycling Units . | . . . . . . . . Scanalyzers . | . . . . . . . . Garrison Access . | . . . . . . . . Data Cores Recovered . | . . . . . . . . Used . | . . . . . . . . Hacking Detections 4 | . . . . 1 . 3 . Full Trace Events 2 | . . . . . . 2 . Feedback Events . | . . . . . . . . Feedback Blocked . | . . . . . . . . Robot Schematics Acquired . | . . . . . . . . Robots Built . | . . . . . . . . Authchips . | . . . . . . . . Time . | . . . . . . . . Total Robot Build Rating . | . . . . . . . . Part Schematics Acquired . | . . . . . . . . Parts Built 2 | . . . . . 2 . . Authchips . | . . . . . . . . Time 47 | . . . . . 47 . . Total Part Build Rating 10 | . . . . . 10 . . Parts Repaired . | . . . . . . . . Time . | . . . . . . . . Parts Recycled . | . . . . . . . . Recycled Matter . | . . . . . . . . Retrieved Matter . | . . . . . . . . Retrieved Components . | . . . . . . . . Parts Scanalyzed 1 | . . . . . . 1 . Part Schematics Acquired . | . . . . . . . . Parts Damaged . | . . . . . . . . Bothacking | -11 -10 -10 -10 -8 -7 -6 -6 ------------ Run | Yrd Mat Min Sub Mat Fac Fac Low Used RIF Installer . | . . . . . . . . Robots Hacked . | . . . . . . . . Non-combat . | . . . . . . . . Combat . | . . . . . . . . Robot Hacks Applied . | . . . . . . . . Relay Couplers Released . | . . . . . . . . Fabnet Peak Effective % . | . . . . . . . . Robots Rewired . | . . . . . . . . Allies Hacked . | . . . . . . . . Hacks Repelled . | . . . . . . . . Allies | -11 -10 -10 -10 -8 -7 -6 -6 -------- Run | Yrd Mat Min Sub Mat Fac Fac Low Total Allies . | . . . . . . . . Largest Group . | . . . . . . . . Highest-Rated Group . | . . . . . . . . Highest-Rated Ally . | . . . . . . . . Total Orders . | . . . . . . . . Ally Attacks . | . . . . . . . . Total Damage . | . . . . . . . . Kills . | . . . . . . . . Allies Corrupted . | . . . . . . . . Allies Melted . | . . . . . . . . Intel | -11 -10 -10 -10 -8 -7 -6 -6 ------- Run | Yrd Mat Min Sub Mat Fac Fac Low Robot Analysis Total . | . . . . . . . . Derelict Logs Recovered 2 | . . 2 . . . . . Drone Launches . | . . . . . . . . Drone Recoveries . | . . . . . . . . Exploration | -11 -10 -10 -10 -8 -7 -6 -6 ------------- Run | Yrd Mat Min Sub Mat Fac Fac Low Turns Passed 2948 | 57 130 610 97 973 473 426 182 Spaces Moved 1339 | 34 79 350 59 375 186 222 34 Core 11 | 8 . . . 3 . . . Treads 1328 | 26 79 350 59 372 186 222 34 Legs . | . . . . . . . . Wheels . | . . . . . . . . Hover . | . . . . . . . . Flight . | . . . . . . . . Fastest Speed 50 | 50 160 160 160 160 165 165 165 Average Speed 174 | 134 160 160 160 199 182 165 165 Slowest Speed 500 | 160 160 160 160 500 245 165 165 Overloaded Moves . | . . . . . . . . Propulsion Burnouts . | . . . . . . . . Robots Hopped . | . . . . . . . . Cave-ins Triggered . | . . . . . . . . Exploration Rate (%) 19 | 5 19 60 8 42 5 7 6 Regions Visited 7 Branch Regions 3 Pre-discovered Areas 2 | . . 2 . . . . . Known Exits Taken . | . . . . . . . . Unknown Exits Taken 7 | 1 1 1 1 1 1 1 . Scrap Searched 1 | . . 1 . . . . . Spaces Dug . | . . . . . . . . Terrain Destroyed 46 | . . . . 46 . . . Melee . | . . . . . . . . Projectile 7 | . . . . 7 . . . AOE 39 | . . . . 39 . . . Terrain Rammed . | . . . . . . . . Walls Destroyed . | . . . . . . . . Machines Disabled . | . . . . . . . . Actions | -11 -10 -10 -10 -8 -7 -6 -6 --------- Run | Yrd Mat Min Sub Mat Fac Fac Low Total 1744 | 46 81 385 61 483 296 263 129 Wait 190 | . . 25 . 4 75 11 75 Move 1332 | 33 78 349 58 374 185 221 34 Hop . | . . . . . . . . Pick Up 47 | 7 1 2 2 17 10 8 . Fast Attach . | . . . . . . . . Attach 24 | 6 1 . . 8 3 4 2 Detach 1 | . . . . . 1 . . Swap 19 | . . 1 1 8 6 3 . Drop 20 | . . . . 9 5 6 . Fire 111 | . 1 8 . 63 11 10 18 Melee . | . . . . . . . . Ram . | . . . . . . . . Kick . | . . . . . . . . Crush . | . . . . . . . . Escape Stasis . | . . . . . . . . Rewire . | . . . . . . . . Trap . | . . . . . . . . Miscellaneous . | . . . . . . . . Route ------- -11/Scrapyard -10/Materials -10/Mines (discovered 2 exits: [*Mat] / [*Sub]) -10/Subcaves -8/Materials -7/Factory -6/Factory -6/Lower Caves History --------- Turn | Location | Event 8 | -11/Scrapyard | Discovered new exit (range 15) 58 | -11/Scrapyard | Entered Materials 90 | -10/Materials | Discovered new exit (range 15) 188 | -10/Materials | Entered Mines 215 | -10/Mines | Met a Derelict bent on vengeance 216 | -10/Mines | Learned location of Zion (-6) 316 | -10/Mines | Build established: Mutant 322 | -10/Mines | Met a Derelict who couldn't figure out how to use a Trap Extractor 477 | -10/Mines | Discovered new exit (range 14) 516 | -10/Mines | Learned location of Storage (-7) 751 | -10/Mines | Discovered new exit (range 8) 798 | -10/Mines | Entered Subcaves 875 | -10/Subcaves | Shifting Twisted Machinery released Sub. Power Source 878 | -10/Subcaves | Discovered new exit (range 9) 880 | -10/Subcaves | Shifting Twisted Machinery released Barrage Gun 885 | -10/Subcaves | Ambushed by swarm of Subdwellers 895 | -10/Subcaves | Entered Materials 895 | -8/Materials | Evolved 4 slots: Power x1, Utility x3 1857 | -8/Materials | Discovered new exit (range 7) 1868 | -8/Materials | Entered Factory 1868 | -7/Factory | Evolved 2 slots: Utility x2 2207 | -7/Factory | Fabricated Proton Cannon (x2) 2326 | -7/Factory | Discovered new exit (range 8) 2341 | -7/Factory | Entered another Factory area 2341 | -6/Factory | Evolved 2 slots: Utility x2 2684 | -6/Factory | Found Hvy. Insulated Plating 2714 | -6/Factory | Build established: Scavenger-Mutant 2757 | -6/Factory | Discovered new exit (range 7) 2767 | -6/Factory | Entered Lower Caves 2928 | -6/Lower Caves | Attracted the attention of an 0b10 outpost 2949 | -6/Lower Caves | Core integrity fell below 50% 2949 | -6/Lower Caves | Self-destructed Last Messages --------------- Lyr. Light Armor Plating destroyed. Slug penetrates L-41 Fighter. Adv. Sensor Array destroyed. L-41 Fighter destroyed. Flak Gun destroyed. Imp. Ion Engine destroyed. System corrupted by crushing effect (+3). Imp. Heat Sink destroyed. System corrupted: Matter fused (-7). Lgt. Angular Momentum Engine destroyed. Shield Generator destroyed. Med. Treads severed. Penetrated by Slug. Arm. Treads destroyed. Adv. Heat Sink destroyed. Target Analyzer destroyed. System corrupted by crushing effect (+4). Hardlight Generator destroyed. Critical hit (Burn: +37). Penetrated by Slug. Map ----- +----------------------------------------------------+ | ?????????????????????????????????????????????????? | | ?????????????????????????????????????????????????? | | ?????????????????????????????????????????????????? | | ?????????????????????????????????????????????????? | | ?????????????????????????????????????????????????? | | ?????????????????????????????????????????????????? | | ?????????????????????????????????????????????????? | | ?????????????????????????????????????????????????? | | ?????????????????????????????????????????????????? | | ?????????????????????????????????????????????????? | | ?????????????????????????????????????????????????? | | ?????????????????????????????????????????????????? | | ?????????????????????????????????????????????????? | | ?????????????????????????????????????????????????? | | ?????????????????????????????????????????????????? | | ?????????????????????????????????????????????????? | | ?????????????????????????????????????????????????? | | ?????????????????????????????????????????????????? | | ????????????????????####?????????????????????????? | | ????????????????????# #;#????????????????????????? | | ????????????????????? ##???????????????????????? | | ?????????????????????# #???????????????????????? | | ?????????????????????# ##??????????????????????? | | ????????????????????## #######????????????????? | | ????????????????????# #????????????????? | | ????????????#???????# ###@b### #????????????????? | | ???????????## ??????# #"l%l #???????????????????? | | ??????????## ?????# #" #???????????????????? | | ??????????? ????# #" #Y ??????????????????? | | ????????????? ???# #" ?# #?????????????????? | | ??????????????? ??# #"g?? # #?????????????????? | | ????????????????# ## #""??""# #?????????????????? | | ????????????????# ######## #?????????????????? | | ????????????????# #?????????????????? | | ???????????????## ##???????????????????? | | ???????????????# #???????????????????? | | ??????????????# ##??????????????????? | | ??????????????# #### #??????????????????? | | ??????????????# ## ##??# #??????????????????? | | ?????????????# ?# ##???# #??????????????????? | | ?????????????# ?# ##????# #??????????????????? | | ?????????????# ??##?????## #??????????????????? | | ?????????????### ?????????# ##?????????????????? | | ???????????????# ######### #?????????????????? | | ???????????????# #?????????????????? | | ??????????????????# #?????????????????? | | ??????????????? ######### #?????????????????? | | ?????????????? ????????????## #?????????????????? | | ????????????????????????????# #?????????????????? | | ????????????????????????????####?????????????????? | +----------------------------------------------------+ Best States ------------- Heat Dissipation 70 Energy Generation 28 Energy Capacity 315 Matter Stores 300 Matter Capacity 300 Sight Range 16 Robot Scan Range 16 Terrain Scan Density 10 Armor Coverage 375 Resistance: TH 10 Utility Shielding 66 Evasion (%) 50 Target Analysis 5 Recoil Reduction 2 Item Schematics ----------------- None Robot Schematics ------------------ None Fabricated ------------ Proton Cannon | x2 | -7/Factory | Preloaded Alien Tech Used ----------------- None Achievements -------------- None Challenges ------------ None Game ------ Seed SpreadStormShifter Manual? 0 Play Time 00:25:05 Cumulative 24.8 hours Start 2024.12.02 @ 13:16:42 End 2024.12.02 @ 13:40:32 Sessions 1 Manual Loads 0 Difficulty Rogue Special Mode None Game No. 45 Rogue 45 Adventurer 0 Explorer 0 Win Type - Total 0 Types 0/0/0/0/0/0/0/0/0 Lore% 15 Gallery% 24 Achievement% 19 Wizard Run 0 Options --------- Layout 1 ASCII 0 Keyboard 0 Movement Mouse Keybinds 0 Fullscreen 1 Font 24/Terminus Map View 50x35 Zoom Use 0% Tactical HUD 0 Map Filters NONE Filters NONE Steam 1 RUN: 463d73af-3890-467e-a01a-32aade4f6ba2